 Dungeon Crawl Stone Soup version 0.29-a0-384-g6960b1960d (webtiles) character file.

Game seed: 6564530951786901666

562465 swappor the Hoplite (level 25, -27/220 HPs)
             Began as a Minotaur Berserker on May 7, 2022.
             Was a High Priest of Trog.
             Killed from afar by an orb of fire (69 damage)
             ... with a bolt of fire
             ... on level 5 of the Realm of Zot on May 8, 2022.
             The game lasted 04:39:08 (86508 turns).

swappor the Hoplite (Minotaur Berserker)           Turns: 86508, Time: 04:39:09

Health: -27/220    AC: 42    Str: 29 (30) XL:     25   Next: 39%
Magic:  22/22      EV:  7    Int:  8      God:    Trog [*****.]
Gold:   4249       SH: 33    Dex:  6      Spells: 24/24 levels left

rFire   . . .      SeeInvis +   a - +9 broad axe (vorpal)
rCold   + + .      Faith    .   c - +18 shield of the Gong {rElec rN+ Will+ EV-5}
rNeg    + + .      Spirit   .   g - +8 plate armour of the Snail {Str+4}
rPois   +          Reflect  .   C - +2 hat
rElec   +          Harm     .   r - +4 cloak "Pumedycw" {rPois}
rCorr   .          Rampage  .   Q - +2 pair of gloves
Will    +++..                   f - +2 pair of boots {Stlth+}
Stlth   ..........              x - amulet of regeneration
HPRegen 0.00/turn               V - ring "Wyser" {Wiz rPois Dex-2 Slay+3 SInv}
MPRegen 0.18/turn               n - ring "Vusaukle" {rC++ rN+ Dex+2 Stlth-}

@: marked, inhibited regen, studying 3 skills
A: horns 2, retaliatory headbutt, clumsy 2, frail 1, strong-willed 1, screaming
2, inhibited regeneration, weak 2, subdued magic 1
}: 3/15 runes: decaying, serpentine, silver
a: Renounce Religion, Berserk, Trog's Hand, Brothers in Arms


You were on level 5 of the Realm of Zot.
You worshipped Trog.
Trog was extremely pleased with you.
You visited 9 branches of the dungeon, and saw 48 of its levels.
You visited the Abyss 1 time.
You visited 1 bazaar.
You also visited: Ice Cave.

You collected 8996 gold pieces.
You spent 4747 gold pieces at shops.

Inventory:

Hand Weapons
 a - a +9 vorpal broad axe (weapon)
   (Trog gifted it to you on level 6 of the Lair of Beasts)
Missiles
 s - 7 silver javelins (quivered)
Armour
 c - the +18 shield of the Gong (worn) {rElec rN+ Will+ EV-5}
   (You bought it in a shop on level 11 of the Dungeon)

   It is deafeningly noisy when blocking attacks.
   EV:        It affects your evasion (-5).
   rElec:     It insulates you from electricity.
   rN:        It protects you from negative energy.
   Will:      It increases your willpower.
 f - a +2 pair of boots of stealth (worn)
   (You found it on level 4 of the Lair of Beasts)
 g - the +8 plate armour of the Snail (worn) {Str+4}
   (You found it on level 3 of the Elven Halls)

   Str:       It affects your strength (+4).
 r - the +4 cloak "Pumedycw" (worn) {rPois}
   (You bought it in a shop on level 2 of the Orcish Mines)

   rPois:     It protects you from poison.
 C - a +2 hat (worn)
   (You acquired it on level 1 of the Depths)
 Q - a +2 pair of gloves (worn)
   (You bought it in a shop on level 2 of the Snake Pit)
Jewellery
 k - a ring of flight {+Fly, !d}
   (You found it on level 2 of the Lair of Beasts)
 n - the ring "Vusaukle" (right hand) {rC++ rN+ Dex+2 Stlth-}
   (You found it on level 10 of the Dungeon)

   [ring of positive energy]

   Dex:       It affects your dexterity (+2).
   rC:        It greatly protects you from cold.
   rN:        It protects you from negative energy.
   Stlth:     It makes you less stealthy.
 x - an amulet of regeneration (around neck)
   (You took it off a naga warrior on level 4 of the Snake Pit)
 V - the ring "Wyser" (left hand) {Wiz rPois Dex-2 Slay+3 SInv}
   (You took it off a deep elf death mage on level 3 of the Elven Halls)

   [ring of wizardry]

   It improves your spell success rate.
   Dex:       It affects your dexterity (-2).
   Slay:      It affects your accuracy & damage with ranged weapons and melee
   (+3).
   rPois:     It protects you from poison.
   SInv:      It lets you see invisible.
 Z - a ring of resist corrosion
   (You took it off a deep elf pyromancer on level 3 of the Elven Halls)
Wands
 d - a wand of digging (11)
   (You took it off a naga on level 4 of the Snake Pit)
 e - a wand of charming (17)
   (You found it on level 5 of the Lair of Beasts)
 h - a wand of acid (25)
   (You found it on level 3 of the Lair of Beasts)
 i - a wand of iceblast (29)
   (You found it on level 6 of the Lair of Beasts)
 j - a wand of polymorph (14)
   (You took it off a salamander on level 3 of the Snake Pit)
 p - a wand of paralysis (28)
   (You found it on level 4 of the Lair of Beasts)
 q - a wand of flame (2)
   (You found it on level 4 of the Realm of Zot)
 y - a wand of mindburst (10)
   (You found it on level 3 of the Vaults)
Scrolls
 b - 4 scrolls of enchant weapon
 o - 7 scrolls of fog
 t - 5 scrolls of poison
 B - 4 scrolls of brand weapon
 D - a scroll of blinking {!r}
 E - 4 scrolls of fear
 K - 10 scrolls of immolation {!r}
 O - 3 scrolls of silence
 S - 4 scrolls of summoning
 W - 2 scrolls of enchant armour
 X - 7 scrolls of magic mapping {@r4!r}
 Y - 22 scrolls of teleportation {@r3}
Potions
 u - 5 potions of attraction {!q}
 F - 3 potions of cancellation
 G - 11 potions of ambrosia {!q}
 H - 4 potions of haste
 I - 7 potions of invisibility
 J - 26 potions of curing {@q1}
 L - 4 potions of flight
 M - 12 potions of might
 N - 8 potions of heal wounds {@q2}
 P - 11 potions of lignification {!q}
 R - 4 potions of resistance
 T - 6 potions of berserk rage {!q}
 U - 7 potions of mutation {!q}
Miscellaneous
 l - a condenser vane
   (You found it on level 3 of the Lair of Beasts)
 m - a phantom mirror
   (You found it on level 3 of the Elven Halls)
 v - a lightning rod (4/4)
   (You found it on level 5 of the Vaults)
 w - a phial of floods
   (You found it on level 4 of the Vaults)
 z - a box of beasts
   (You found it on level 3 of the Elven Halls)


   Skills:
 + Level 24.1 Fighting
 + Level 24.1 Axes
 - Level 20.0 Armour
 - Level 20.0 Dodging
 - Level 25.0 Shields
 - Level 20.0 Evocations


You had 24 spell levels left.
You didn't know any spells.
Your spell library was empty.

Dungeon Overview and Level Annotations

Branches:
Dungeon (15/15)            Temple (0/1) D:7            Lair (6/6) D:9
  Swamp (4/4) Lair:3        Snake (4/4) Lair:2        Slime (0/5) Lair:5
    Orc (2/2) D:10            Elf (3/3) Orc:2        Vaults (5/5) D:13
  Crypt (0/3) Vaults:2     Depths (4/4) D:15            Zot (5/5) Depths:4
  IceCv (visited)

Altars:
Ashenzari
Cheibriados
Dithmenos
Elyvilon
Fedhas
Gozag
Kikubaaqudgha
Makhleb
Okawaru
Qazlal
Sif Muna
Trog
Uskayaw
Vehumet
Wu Jian
Xom
Yredelemnul
The Shining One
Beogh

Shops:
D:3 *   D:11 [(   D:15 [?   Orc:2 [[::   Snake:1 !   Snake:2 ([   Vaults:3 (
Vaults:4 [   Depths:1 ?[!   Depths:2 :=:

Portals:
Hell: Depths:1 Depths:2 Depths:3 Depths:4
Abyss: Depths:3 Depths:4
Pandemonium: Depths:2
Ziggurat: Depths:1

Annotations:
Swamp:1 1 exclusion
Depths:4 exclusion: moth of wrath
Zot:1 2 transporters, NateTC's ghost, veteran DDFi
Zot:5 3 runed translucent doors, 5 exclusions, Buusaloph's ghost, veteran TrCK; Starbright's ghost, veteran TrMo; freelancePsychic's ghost, master DjCj


Innate Abilities, Weirdness & Mutations

You have a pair of horns on your head.
You reflexively headbutt those who attack you in melee.
You are very clumsy. (Dex -4)
You are frail. (-10% HP)
You are strong-willed. (Will+)
You frequently scream uncontrollably at your foes.
You do not regenerate when monsters are visible.
You are very weak. (Str -4)
Your spells are a little easier to cast, but a little less powerful.


Message History

You slice the yellow draconian!!
You kill the yellow draconian!
Trog accepts your kill.
You slash the purple draconian!
You block the purple draconian's attack.
GONNNNG!
You hear a shout! x2
You slice the purple draconian!! You headbutt the purple draconian.
You slice the purple draconian!! You headbutt the purple draconian!
The purple draconian breathes dispelling energy at you.
The bolt of dispelling energy hits you but does no damage.
Your magical effects are unravelling.
You barely miss the purple draconian. You headbutt the purple draconian!
You are no longer corroded.
You block the purple draconian's attack.
PTOANNNG!
You hear a shout!
You slash the purple draconian!
You kill the purple draconian!
Trog accepts your kill.
You now have 4249 gold pieces (gained 25).
There is a stone staircase leading up, spattered with blood here.
Items here: )) ††.
You regained 3 hp, and now have 216/220 hp.
You start resting.
Health restored: 220 Really walk onto that alarm trap?
Okay, then.
Really walk onto that alarm trap?
You set off the alarm!
The alarm trap emits a blaring wail!
A sentinel's mark forms upon you.
You hear a shout! x4; You hear a deafening roar!
An orb of fire comes into view.
Your iron troll goes berserk!
A Killer Klown comes into view. It is wielding a +8 club of flaming.
The orb of fire emits a lurid red light.
Your iron troll twists and deforms.
The Killer Klown blinks!
Your iron troll completely misses the orb of fire.
Your iron troll claws the orb of fire!
Your iron troll completely misses the orb of fire.
Your iron troll bites the orb of fire!!
Your iron troll barely misses the orb of fire.
Your iron troll claws the orb of fire!
Your iron troll rages.
Your iron troll bites the orb of fire.
Your iron troll barely misses the orb of fire.
Your iron troll claws the orb of fire!!
An orb of fire comes into view.
Your iron troll misses the orb of fire.
Your iron troll claws the orb of fire but does no damage.
Your iron troll barely misses the orb of fire.
The orb of fire glows deep purple.
The bolt of fire hits your iron troll!!
Your iron troll resists.
Your iron troll completely misses the orb of fire.
Your iron troll barely misses the orb of fire.
Your iron troll claws the orb of fire but does no damage.
The orb of fire glows yellow.
The bolt of fire hits you!
You take 8 damage, and have 212/220 hp.
Your two-headed ogre goes berserk!
The orb of fire glows deep purple.
Strange energies course through your body.
You feel a strong urge to scream.
An Orb Guardian comes into view.
The orb of fire glows bright magenta.
The fireball explodes!
The fireball engulfs you!
An ancient lich comes into view.
You take 14 damage, and have 198/220 hp.
An orb of fire comes into view.
The orb of fire glows deep purple.
The fireball explodes!
The fireball engulfs your two-headed ogre!!!
The orb of fire glows deep purple.
The bolt of fire hits you!!
The orb of fire glows red.
The bolt of fire hits your two-headed ogre!!!
Your two-headed ogre dies!
Your two-headed ogre's corpse disappears in a puff of smoke!
The bolt of fire hits you!!!
You take 70 damage, and have 128/220 hp.
MASSIVE DAMAGE!!
The orb of fire emits a lurid red light.
The fireball explodes!
The fireball engulfs you!!
The orb of fire glows bright magenta.
The fireball explodes!
The fireball engulfs you!!!
* * * LOW HITPOINT WARNING * * *
You hear a shout!
Unknown command.
You take 86 damage, and have 42/220 hp.
MASSIVE DAMAGE!!
There is a stone staircase leading up, spattered with blood here.
Items here: )) ††.
The orb of fire glows deep purple.
Strange energies course through your body.
You feel clumsy.
The orb of fire glows yellow.
The bolt of fire hits the orb of fire.
The orb of fire completely resists.
The bolt of fire hits you!!!
You die...

#....###..###.#########...#......
...#.##....#..#.#..##.....'......
#..#..##...##.#.....#....##......
#....###^...###.#........###.....
###..#.##...######.....###.##....
####.#..#.....#..##...###...##...
.#.#.#..##....#...#.#.#.#....####
...#.....##...#^....#.#.##....###
.#.#............@...#..<#........
##.#.⌠.#.#...##.#.....#.#...#.##.
.......#.#...#).#.^...#.....#....
##▓▓▓▓########*########▓▓▓▓######
#.....^.........# #^...*........#
#....*.....^..# ##...T.......##
#.....)....*#


You could see 3 orbs of fire and a friendly iron troll (summoned, berserk,
misshapen).

Vanquished Creatures
  2 dread liches (Vaults:4)
  An ancient lich (Vaults:5)
  2 orbs of fire (Zot:5)
  Josephina (Zot:3)
  the Lernaean hydra (Swamp:4)
  Xtahua (Vaults:4)
  4 Killer Klowns
  2 curse toes
  2 caustic shrikes (Depths:2)
  Nikola (Depths:1)
  4 golden dragons
  An electric golem (Zot:5)
  A walking crystal tome (Depths:2)
  Rupert (D:15)
  16 tentacled monstrosities
  5 liches
  An Ice Fiend (Depths:3)
  7 Orb Guardians (Zot:5)
  2 deep elf blademasters
  A walking earthen tome (Depths:2)
  A walking divine tome (Depths:3)
  5 titans
  4 quicksilver dragons
  4 deep elf master archers (Elf:3)
  3 tentacled starspawn (Abyss:2)
  4 sphinxes
  12 death cobs
  16 shadow dragons
  Roxanne (Swamp:2)
  11 storm dragons
  Agnes (Snake:2)
  8 tengu reavers
  2 fenstrider witches
  7 draconian monks
  Donald (Swamp:3)
  5 nagarajas (Snake:4)
  6 draconian knights
  8 fire giants
  12 deep elf sorcerers
  2 ghost moths
  8 frost giants
  The ghost of Wirghost the Eclecticist, an adept DESu of the Shining One (Snake:2)
  5 draconian shifters
  4 draconian scorchers
  16 vault wardens
  3 orc warlords
  3 iron dragons
  4 deep elf elementalists (Elf:3)
  Louise (Elf:2)
  Aizul (Swamp:3)
  8 draconian annihilators
  5 draconian stormcallers
  16 ironbound preservers
  2 spriggan defenders
  12 stone giants
  5 war gargoyles
  5 eleionomae
  16 green draconians
  8 ironbound thunderhulks
  21 very ugly things
  4 vampire knights
  6 deep elf demonologists
  8 black draconians
  2 entropy weavers
  The ghost of Piwky the Grappler, a journeyman TrMo (Lair:4)
  13 white draconians
  6 deep elf annihilators (Elf:3)
  10 red draconians
  4 bunyips
  15 yellow draconians
  12 purple draconians
  10 dire elephants
  A spark wasp (Depths:3)
  Azrael (D:12)
  An entropy weaver (shapeshifter) (Vaults:4)
  2 crystal guardians (Vaults:3)
  8 fire dragons
  2 green deaths
  14 ettins
  5 deep elf death magi
  Snorg (D:11)
  13 yaktaur captains
  10 deep elf high priests
  4 great orbs of eyes
  A shambling mangrove (Swamp:2)
  8 ice dragons
  2 rakshasas
  9 spriggan air magi
  Erolcha (D:9)
  30 vault guards
  19 hydras
  2 hell beasts
  18 anacondas
  6 boulder beetles
  A peacekeeper (Vaults:3)
  6 salamander tyrants
  A quicksilver dragon skeleton (Vaults:4)
  7 centaur warriors
  A death knight (D:13)
  A merfolk avatar (Lair:6)
  A ghost crab (Swamp:2)
  5 ironbound frosthearts
  3 ogre magi
  Erica (D:8)
  38 dancing weapons
  7 two-headed ogres
  19 naga warriors
  A tengu warrior (Depths:1)
  5 deep troll shamans
  6 alligators
  11 deep troll earth magi
  4 hell hogs
  2 orc high priests (Vaults:4)
  4 soul eaters
  7 shock serpents
  3 spriggan berserkers
  22 naga sharpshooters
  2 thrashing horrors (Abyss:2)
  Sonja (Orc:2)
  Urug (Orc:1)
  A wretched star (Abyss:2)
  13 deep elf knights
  5 sun demons
  A shadow wraith (Vaults:4)
  7 hell knights
  A spatial maelstrom (Abyss:2)
  A fire crab (Lair:4)
  3 iron trolls (Depths:4)
  A goliath frog (Swamp:1)
  9 salamander mystics
  4 glowing orange brains
  12 swamp dragons
  2 spriggan druids
  A sea snake (Lair:6)
  54 deep trolls
  8 naga ritualists
  4 bog bodies
  A death drake (Swamp:1)
  An anaconda zombie (Abyss:2)
  Pikel (D:4)
  A spriggan simulacrum (Depths:1)
  26 ironbound convokers
  11 wizards
  5 phantasmal warriors
  A golden dragon skeleton (Vaults:3)
  6 necromancers
  11 deep elf archers
  17 lindwurms
  31 deep elf pyromancers
  A tengu zombie (Vaults:2)
  An orc knight (Vaults:4)
  25 deep elf zephyrmancers
  4 will-o-the-wisps
  10 mana vipers
  12 orc sorcerers
  A mana viper (shapeshifter) (Vaults:4)
  A frost giant zombie (Vaults:3)
  10 cyclopes
  5 manticores
  40 ugly things
  3 large abominations (Abyss:2)
  A fire giant zombie (Depths:1)
  A faun (shapeshifter) (Elf:2)
  24 moths of wrath
  24 salamanders
  A tengu skeleton (Vaults:2)
  A centaur zombie (D:15)
  A frost giant skeleton (Vaults:3)
  16 vault sentinels
  A stone giant skeleton (Vaults:4)
  23 elephants
  42 black mambas
  A molten gargoyle (Depths:1)
  15 naga magi
  2 smoke demons (Depths:4)
  A gargoyle (D:14)
  4 guardian serpents
  2 kobold demonologists
  A yaktaur zombie (Vaults:3)
  14 cane toads
  An unseen horror (D:12)
  2 ice statues (IceCv)
  2 rime drakes (Lair:3)
  A cane toad (shapeshifter) (Depths:3)
  Maggie (D:6)
  30 yaktaurs
  6 ice devils
  2 anaconda simulacra (IceCv)
  7 komodo dragons
  A tengu conjurer (Depths:1)
  An entropy weaver simulacrum (IceCv)
  5 hellwings
  6 freezing wraiths
  A yaktaur skeleton (Vaults:3)
  An efreet (D:15)
  8 trolls
  12 tyrant leeches
  A meliai (shapeshifter) (Elf:2)
  A golden dragon simulacrum (Zot:4)
  2 polar bears (Lair:6)
  A wind drake (Lair:6)
  26 slime creatures
  A harpy skeleton (D:15)
  10 hornets
  A stone giant simulacrum (Vaults:4)
  16 blink frogs
  A centaur simulacrum (D:15)
  3 air elementals
  3 snapping turtles (Lair:6)
  2 shadows
  A vampire (D:12)
  7 spriggans
  2 water elementals (Elf:3)
  6 wyverns
  4 wraiths
  3 ynoxinuls
  48 yaks
  9 small abominations (Abyss:2)
  4 dire elephant simulacra (IceCv)
  Eustachio (D:5)
  An elf zombie (Vaults:2)
  A basilisk (Lair:2)
  5 steam dragons
  6 fire elementals
  A human (shapeshifter) (Abyss:2)
  2 neqoxecs (Depths:2)
  A redback (Vaults:3)
  A red draconian simulacrum (Zot:4)
  2 two-headed ogre zombies (D:10)
  16 vampire mosquitoes
  4 wargs (Orc:1)
  15 swamp worms
  3 harpy simulacra (IceCv)
  48 nagas
  3 hell hounds (D:12)
  2 acid dragons (D:12)
  Duvessa (D:4)
  A moth of wrath simulacrum (Zot:4)
  A swamp worm (shapeshifter) (Vaults:4)
  A human skeleton (Depths:1)
  13 water moccasins
  25 orc warriors
  8 swamp drakes
  2 black bears
  12 ogres
  A boggart (Vaults:3)
  9 wolves
  13 centaurs
  2 phantoms
  2 kobold brigands (Depths:4)
  17 bullfrogs
  A necrophage (D:8)
  2 gnoll sergeants
  7 scorpions
  Dowan (D:4)
  A troll zombie (D:10)
  5 killer bees (D:10)
  4 howler monkeys
  A quasit (Abyss:2)
  4 hounds
  11 jellies
  23 orc priests
  3 gnoll shamans
  An iron imp (Abyss:2)
  3 iguanas
  41 orc wizards
  A polar bear simulacrum (IceCv)
  3 wolf simulacra (IceCv)
  5 ogre zombies (D:10)
  17 gnolls
  6 adders
  3 shadow imps (D:7)
  4 white imps
  5 ufetubi
  3 worms (D:2)
  3 dart slugs
  90 orcs
  3 bats
  8 endoplasms
  5 giant cockroaches
  4 hobgoblins
  2 jackals (D:1)
  9 kobolds
  6 quokkas
  3 ball pythons
  3 frilled lizards
  11 goblins
  2 goblin skeletons (D:10)
  2 goblin zombies (D:10)
  3 hobgoblin skeletons (D:10)
  2 hobgoblin zombies (D:10)
  4 orc skeletons (D:10)
  12 orc zombies (D:10)
  4 rats
  A fire vortex (Depths:1)
  5 starspawn tentacles (Abyss:2)
2045 creatures vanquished.

Vanquished Creatures (collateral kills)
  A sphinx (Vaults:3)
  An ogre mage (Vaults:3)
  An ironbound frostheart (Vaults:4)
  2 orc high priests (Vaults:4)
  A hell knight (Depths:3)
  5 orc knights (Vaults:4)
  An orc warrior (Vaults:4)
  A boggart (Vaults:3)
  2 orc priests (Vaults:4)
  2 troll simulacra (IceCv)
17 creatures vanquished.

Vanquished Creatures (others)
  An eldritch tentacle (Swamp:1)
  A draconian scorcher (Zot:1)
  A deep elf elementalist (Elf:3)
  A hydra (Swamp:2)
  4 deep elf knights
  A deep elf zephyrmancer (Elf:1)
  A deep elf pyromancer (Elf:1)
  A moth of wrath (Zot:4)
  A storm dragon simulacrum (Zot:4)
  2 bloated husks
  An air elemental (Elf:3)
  A swamp worm (Swamp:2)
  A swamp drake (Swamp:2)
  An orc wizard (Orc:2)
  An orc (Orc:2)
  35 foxfires
  26 fungi
  132 plants
  68 starspawn tentacles (Abyss:2)
280 creatures vanquished.

Grand Total: 2342 creatures vanquished

Notes
Turn   | Place    | Note
-------+----------+-------------------------------------------
     0 | D:1      | swappor the Minotaur Berserker began the quest for the Orb.
     0 | D:1      | Reached XP level 1. HP: 19/19 MP: 0/0
   185 | D:1      | Reached XP level 2. HP: 16/27 MP: 1/1
   767 | D:1      | Reached skill level 4 in Axes
   791 | D:1      | Reached skill level 4 in Fighting
   829 | D:1      | Reached ** piety under Trog
   903 | D:1      | Reached skill level 3 in Armour
  1303 | D:1      | Reached XP level 3. HP: 31/32 MP: 2/2
  2044 | D:2      | Found a snail-covered altar of Cheibriados.
  2525 | D:2      | Reached XP level 4. HP: 36/40 MP: 3/3
  2729 | D:3      | Reached skill level 5 in Axes
  2859 | D:3      | Found a glowing golden altar of the Shining One.
  2953 | D:3      | Found Jilaadd's Assorted Antiques.
  3508 | D:3      | Bought a scroll labelled BOSIMOE ESESOG for 23 gold pieces
  3508 | D:3      | Bought a sapphire potion for 20 gold pieces
  3508 | D:3      | Bought a metallic coppery potion for 20 gold pieces
  3508 | D:3      | Bought a scroll labelled CETZAO UBRUIM for 23 gold pieces
  3541 | D:4      | Reached skill level 6 in Axes
  3541 | D:4      | Reached XP level 5. HP: 32/46 MP: 4/4
  3749 | D:4      | Reached skill level 7 in Axes
  4116 | D:4      | Noticed a phantom
  4130 | D:4      | Killed a phantom
  4131 | D:4      | Reached XP level 6. HP: 52/52 MP: 5/5
  4208 | D:4      | Reached skill level 8 in Axes
  4209 | D:4      | Reached *** piety under Trog
  4210 | D:4      | Reached skill level 5 in Fighting
  4214 | D:4      | Reached skill level 6 in Fighting
  4214 | D:4      | Reached XP level 7. HP: 41/63 MP: 6/6
  4275 | D:4      | Noticed Dowan
  4292 | D:4      | Noticed Pikel
  4294 | D:4      | Killed Dowan
  4295 | D:4      | Reached skill level 7 in Fighting
  4299 | D:4      | Noticed Duvessa
  4306 | D:4      | HP: 6/66 [Duvessa/+0 short sword (14)]
  4609 | D:4      | Killed Duvessa
  4713 | D:4      | HP: 6/100 [Pikel/+0 whip of electrocution (20)]
  4714 | D:4      | Killed Pikel
  4715 | D:4      | Reached skill level 10 in Fighting
  4715 | D:4      | Reached XP level 8. HP: 7/79 MP: 7/7
  5127 | D:4      | Found a basalt altar of Yredelemnul.
  5685 | D:4      | Found a white marble altar of Elyvilon.
  5697 | D:4      | Identified a scroll of acquirement
  5697 | D:4      | Acquired a manual of Axes
  5887 | D:5      | Entered Level 5 of the Dungeon
  5895 | D:5      | Reached skill level 9 in Axes
  5901 | D:5      | Noticed Eustachio
  5922 | D:5      | Killed Eustachio
  5923 | D:5      | Reached skill level 10 in Axes
  6074 | D:5      | Found a shadowy altar of Dithmenos.
  6111 | D:4      | Reached skill level 11 in Axes
  6326 | D:5      | Reached skill level 12 in Axes
  6485 | D:5      | Found a blossoming altar of Fedhas.
  6913 | D:6      | Noticed Maggie
  6940 | D:6      | Reached XP level 9. HP: 78/85 MP: 8/8
  7128 | D:6      | Reached skill level 13 in Axes
  7286 | D:6      | Reached **** piety under Trog
  7707 | D:6      | Reached skill level 14 in Axes
  8109 | D:6      | Killed Maggie
  8110 | D:6      | Reached skill level 15 in Axes
  8267 | D:6      | Found a burning altar of Makhleb.
  8455 | D:7      | Reached skill level 16 in Axes
  8755 | D:7      | Reached skill level 4 in Armour
  8816 | D:7      | Reached skill level 5 in Armour
  9052 | D:7      | Found a staircase to the Ecumenical Temple.
  9098 | D:7      | Reached skill level 6 in Armour
  9458 | D:7      | Noticed a two-headed ogre
  9586 | D:7      | Killed a two-headed ogre
  9587 | D:7      | Reached skill level 7 in Armour
  9587 | D:7      | Reached XP level 10. HP: 93/93 MP: 9/9
 10121 | D:8      | Reached skill level 8 in Armour
 10410 | D:8      | Noticed Erica
 10411 | D:8      | swappor: !dodgebonus
 10411 | D:8      | beem: Size Factor:-2, Eff dex:, Dodging: : +0 EV
 10411 | D:8      | swappor: !aevp
 10411 | D:8      | beem: ER=, str=, armour skill= : -0 EV
 10411 | D:8      | swappor: !armourdodgepenalty
 10411 | D:8      | beem: Size Factor:0.75, ER:, str: : -0 EV
 10428 | D:8      | Killed Erica
 10429 | D:8      | Reached skill level 9 in Armour
 10435 | D:8      | HP: 23/93 [poisoned by Erica (bolt of poison)]
 10866 | D:8      | Found a shimmering blue altar of Sif Muna.
 11084 | D:9      | Reached skill level 10 in Armour
 11226 | D:9      | Found a shimmering altar of Xom.
 11226 | D:9      | Found a shimmering altar of Xom.
 11226 | D:9      | Found a shimmering altar of Xom.
 11226 | D:9      | Found a shimmering altar of Xom.
 11227 | D:9      | Found a shimmering altar of Xom.
 11228 | D:9      | Found a shimmering altar of Xom.
 11306 | D:9      | Reached skill level 11 in Armour
 11894 | D:9      | Found a staircase to the Lair.
 12037 | D:9      | Noticed Erolcha
 12042 | D:9      | Reached skill level 12 in Armour
 12044 | D:9      | Killed Erolcha
 12045 | D:9      | Reached skill level 3 in Evocations
 12538 | Lair:1   | Entered Level 1 of the Lair of Beasts
 12547 | Lair:1   | Noticed an eight-headed hydra
 12554 | Lair:1   | Killed a nine-headed hydra
 12555 | Lair:1   | Reached skill level 3 in Shields
 12555 | Lair:1   | Reached XP level 11. HP: 91/99 MP: 10/10
 12787 | Lair:1   | Reached skill level 4 in Shields
 13166 | Lair:1   | Reached skill level 5 in Shields
 13178 | Lair:1   | Reached skill level 6 in Shields
 13829 | Lair:1   | Reached skill level 7 in Shields
 13836 | D:9      | HP: 36/148 [poisoned by a cane toad]
 13838 | D:9      | Reached skill level 8 in Shields
 13841 | D:9      | HP: 17/99 [poisoned by a cane toad]
 14541 | Lair:1   | Reached skill level 9 in Shields
 15099 | Lair:2   | Reached skill level 10 in Shields
 15622 | Lair:2   | Reached skill level 11 in Shields
 16296 | Lair:2   | Found a staircase to the Snake Pit.
 16336 | Lair:2   | Reached skill level 12 in Shields
 16814 | Lair:3   | Noticed a four-headed hydra
 16821 | Lair:3   | Reached XP level 12. HP: 106/106 MP: 11/11
 16830 | Lair:3   | Killed a four-headed hydra
 16901 | Lair:3   | Found a frozen archway.
 16922 | IceCv    | Entered an ice cave
 17228 | IceCv    | Reached skill level 13 in Shields
 17398 | IceCv    | HP: 32/159 [ice statue] (12)]
 18150 | IceCv    | Reached skill level 14 in Shields
 19005 | IceCv    | Reached skill level 15 in Shields
 19545 | Lair:3   | Reached skill level 4 in Evocations
 19611 | Lair:3   | Reached ***** piety under Trog
 20131 | Lair:3   | Found a staircase to the Swamp.
 20142 | Lair:3   | Reached skill level 5 in Evocations
 20364 | Lair:4   | Noticed an eight-headed hydra
 20382 | Lair:4   | Killed an eight-headed hydra
 20694 | Lair:4   | Reached skill level 11 in Fighting
 20859 | Lair:4   | Reached XP level 13. HP: 113/116 MP: 12/12
 20864 | Lair:4   | Reached skill level 13 in Armour
 21333 | Lair:4   | Found a transporter.
 21369 | Lair:4   | Reached skill level 12 in Fighting
 21759 | Lair:4   | Reached skill level 14 in Armour
 22036 | Lair:4   | Found a transporter.
 22040 | Lair:4   | Noticed Piwky's ghost (journeyman TrMo)
 22622 | Lair:4   | HP: 39/178 [fire crab] (13)]
 23006 | Lair:4   | Killed Piwky's ghost
 23300 | Lair:4   | Identified the ring "Nam Qotirgh" {rPois rCorr MP+9 Int-3
                  | Dex+6}
 23428 | Lair:5   | Reached skill level 13 in Fighting
 23966 | Lair:5   | Found a staircase to the Slime Pits.
 24357 | Lair:6   | Entered Level 6 of the Lair of Beasts
 24630 | Lair:6   | Noticed a dire elephant
 24666 | Lair:6   | Killed a dire elephant
 24668 | Lair:6   | Reached skill level 15 in Armour
 25023 | Lair:6   | Received a gift from Trog
 25024 | Lair:6   | Reached skill level 14 in Fighting
 25204 | Lair:6   | Reached XP level 14. HP: 133/133 MP: 13/13
 25494 | Lair:6   | Found the +8 trident of the Octopus King {venom, rElec
                  | rPois}
 26357 | D:10     | Entered Level 10 of the Dungeon
 26357 | D:10     | Found an opulent altar of Gozag.
 26422 | D:10     | Found a snail-covered altar of Cheibriados.
 26492 | D:10     | Found a staircase to the Orcish Mines.
 26597 | D:10     | Found an ancient bone altar of Kikubaaqudgha.
 26597 | D:10     | Found a radiant altar of Vehumet.
 26694 | D:10     | Identified the ring "Vusaukle" {rC++ rN+ Dex+2 Stlth-}
 26737 | D:10     | Found an ornate altar of the Wu Jian Council.
 27232 | Orc:1    | Entered Level 1 of the Orcish Mines
 27299 | Orc:1    | Reached skill level 16 in Armour
 27307 | Orc:1    | Reached skill level 17 in Axes
 27565 | Orc:1    | Reached ****** piety under Trog
 27565 | Orc:1    | Received a gift from Trog
 27596 | Orc:1    | Noticed an orc warlord
 27640 | D:10     | Killed an orc warlord
 28251 | Orc:2    | Entered Level 2 of the Orcish Mines
 28269 | Orc:2    | Noticed an orc warlord
 28295 | Orc:2    | Noticed Urug
 28394 | Orc:2    | Reached skill level 15 in Fighting
 28406 | Orc:1    | Killed Urug
 28610 | Orc:1    | Killed an orc warlord
 29076 | Orc:2    | Found Baxoodekk's Book Shoppe.
 29116 | Orc:2    | Noticed Sonja
 29135 | Orc:2    | Killed Sonja
 29220 | Orc:2    | Paralysed by an orc sorcerer for 2 turns
 29427 | Orc:2    | Found Meit's Book Emporium.
 29429 | Orc:2    | Received a gift from Trog
 29437 | Orc:2    | Reached skill level 18 in Axes
 29643 | Orc:2    | Found an ancient bone altar of Kikubaaqudgha.
 29649 | Orc:2    | Paralysed by an orc sorcerer for 5 turns
 29660 | Orc:2    | Found Sahah Buf's Magic Scroll Shoppe.
 30188 | Orc:2    | Found a staircase to the Elven Halls.
 30335 | Orc:2    | Found Unoikh's Antique Armour Emporium.
 30341 | Orc:2    | Reached skill level 16 in Fighting
 30543 | Orc:2    | Found a radiant altar of Vehumet.
 30561 | Orc:2    | Bought a scroll of teleportation for 30 gold pieces
 30561 | Orc:2    | Bought a scroll of magic mapping for 35 gold pieces
 30561 | Orc:2    | Bought a scroll of brand weapon for 200 gold pieces
 30561 | Orc:2    | Bought a scroll of identify for 20 gold pieces
 30561 | Orc:2    | Bought a scroll of identify for 20 gold pieces
 30561 | Orc:2    | Bought a scroll of identify for 20 gold pieces
 30561 | Orc:2    | Bought a scroll of teleportation for 30 gold pieces
 30582 | Orc:2    | Found Ijidghuech's Antique Armour Emporium.
 30584 | Orc:2    | Bought a faintly glowing cloak for 323 gold pieces
 30584 | Orc:2    | Identified the +4 cloak "Pumedycw" {rPois} (You bought it
                  | in a shop on level 2 of the Orcish Mines)
 30604 | Orc:2    | Bought a runed kite shield for 262 gold pieces
 30834 | Snake:1  | Entered Level 1 of the Snake Pit
 30834 | Snake:1  | Found a bloodstained altar of Trog.
 30892 | Snake:1  | Reached skill level 6 in Evocations
 31291 | Snake:1  | HP: 34/137 [poisoned by a black mamba]
 31292 | Snake:1  | Reached skill level 7 in Evocations
 31296 | Snake:1  | HP: 27/137 [poisoned by a black mamba]
 31867 | Snake:1  | HP: 51/205 [anaconda[a naga ritualist] (6)]
 31868 | Snake:1  | Reached XP level 15. HP: 54/144 MP: 7/14
 31873 | Snake:1  | Received a gift from Trog
 31874 | Snake:1  | Reached skill level 8 in Evocations
 31876 | Snake:1  | HP: 30/216 [shock serpent/electric aura (9)]
 31881 | Snake:1  | HP: 27/216 [poisoned by a naga sharpshooter (splash of
                  | poison)]
 31886 | Lair:2   | HP: 21/216 [poisoned by a naga sharpshooter (splash of
                  | poison)]
 31889 | Lair:2   | HP: 10/144 [poisoned by a naga sharpshooter (splash of
                  | poison)]
 32302 | Snake:1  | Reached skill level 9 in Evocations
 32674 | Snake:1  | Paralysed by a naga mage for 2 turns
 33787 | Snake:1  | Found Ero Hikk's Distillery.
 33792 | Snake:1  | Bought a potion of haste for 150 gold pieces
 33792 | Snake:1  | Bought a potion of resistance for 150 gold pieces
 33792 | Snake:1  | Bought a potion of mutation for 120 gold pieces
 33792 | Snake:1  | Bought a potion of might for 60 gold pieces
 34623 | Snake:2  | Reached skill level 10 in Evocations
 34625 | Snake:2  | Reached skill level 3 in Dodging
 34772 | Snake:2  | Identified the +7 ring mail of Amorous Fun {rF+ rN+ Dex-3}
 34794 | Snake:2  | Found Iwot Fon's Antique Weapon Shoppe.
 34796 | Snake:2  | Noticed Agnes
 34807 | Snake:2  | Killed Agnes
 34808 | Snake:2  | Reached skill level 4 in Dodging
 34844 | Snake:2  | Found Ecror's Antique Armour Emporium.
 34852 | Snake:2  | Bought a pair of embroidered gloves for 255 gold pieces
 35107 | Snake:2  | Reached skill level 5 in Dodging
 35600 | Snake:2  | Reached skill level 6 in Dodging
 35922 | Snake:2  | Found a runed translucent door.
 36080 | Snake:2  | Noticed Wirghost's ghost (adept DESu)
 36104 | Snake:2  | Killed Wirghost's ghost
 36105 | Snake:2  | Reached skill level 7 in Dodging
 36607 | Snake:3  | Reached skill level 8 in Dodging
 36927 | Snake:3  | Identified the +9 hand axe of the Reaper {speed, rF+ Dex+2}
 36960 | Snake:3  | Reached skill level 9 in Dodging
 37425 | Snake:3  | Received a gift from Trog
 37426 | Snake:3  | Reached skill level 10 in Dodging
 37609 | Snake:3  | Reached XP level 16. HP: 78/151 MP: 11/15
 38706 | Snake:4  | Entered Level 4 of the Snake Pit
 39213 | Snake:4  | Reached skill level 11 in Evocations
 39291 | Snake:4  | Reached skill level 17 in Armour
 39478 | Snake:4  | Received a gift from Trog
 40640 | Snake:4  | Reached skill level 16 in Shields
 40940 | Snake:4  | Reached skill level 18 in Armour
 40940 | Snake:4  | Reached skill level 12 in Evocations
 40954 | Snake:4  | HP: 50/226 [poisoned by a naga ritualist (toxic radiance)]
 40959 | Snake:4  | HP: 30/226 [poisoned by a naga ritualist (toxic radiance)]
 40961 | Snake:4  | HP: 12/151 [poisoned by a naga ritualist (toxic radiance)]
 41983 | Snake:4  | Got a serpentine rune of Zot
 42219 | Swamp:1  | Entered Level 1 of the Swamp
 42231 | Lair:3   | Reached XP level 17. HP: 153/158 MP: 16/16
 42630 | Swamp:1  | HP: 34/158 [will-o-the-wisp/foxfire (19)]
 42634 | Swamp:1  | Gained mutation: You are weak. (Str -2) [mutagenic glow]
 42635 | Swamp:1  | HP: 27/158 [poisoned by a death drake (dark miasma)]
 42667 | Lair:3   | Gained mutation: You occasionally shout uncontrollably at
                  | your foes. [mutagenic glow]
 42676 | Lair:3   | Gained mutation: You are clumsy. (Dex -2) [mutagenic glow]
 43919 | Swamp:2  | HP: 30/158 [shambling mangrove (18)]
 44690 | Swamp:2  | Noticed Roxanne
 44703 | Swamp:2  | Killed Roxanne
 44729 | Swamp:2  | Received a gift from Trog
 44730 | Swamp:2  | Reached skill level 19 in Armour
 44730 | Swamp:2  | Reached skill level 13 in Evocations
 44926 | Swamp:3  | Noticed Aizul
 44942 | Swamp:3  | Killed Aizul
 45631 | Swamp:3  | Noticed Donald
 45654 | Swamp:3  | Killed Donald
 46267 | Swamp:4  | Entered Level 4 of the Swamp
 46354 | Swamp:4  | Identified the +11 short sword of Siru {holy, Dex+3}
 46492 | Swamp:4  | Reached skill level 17 in Shields
 46994 | Swamp:4  | Identified the +8 hand axe of the Distant Future {vorpal,
                  | rF++} (Trog gifted it to you on level 4 of the Swamp)
 46994 | Swamp:4  | Received a gift from Trog
 47682 | Swamp:4  | Noticed the 27-headed Lernaean hydra
 47723 | Swamp:4  | Killed the 26-headed Lernaean hydra
 47726 | Swamp:4  | Reached skill level 20 in Armour
 48137 | Swamp:4  | Reached skill level 14 in Evocations
 48145 | Swamp:4  | Got a decaying rune of Zot
 48775 | Elf:1    | Entered Level 1 of the Elven Halls
 48919 | D:11     | You are sucked into a shaft and drop 1 floor!
 48926 | D:11     | Found Heigesch's Antique Armour Shoppe.
 48984 | D:11     | Found Xoel's Firing Range.
 49052 | D:11     | Noticed Snorg
 49061 | D:11     | Killed Snorg
 49524 | D:12     | Noticed Azrael
 49537 | D:12     | Killed Azrael
 49915 | D:12     | Reached XP level 18. HP: 159/166 MP: 17/17
 50512 | D:13     | Identified the +5 broad axe "Tolam" {vorpal, rF+} (Trog
                  | gifted it to you on level 13 of the Dungeon)
 50512 | D:13     | Received a gift from Trog
 51242 | D:13     | Found a gate to the Vaults.
 51763 | D:14     | Identified the +6 chain mail of the Farmer {rN+ Int+2}
 52008 | D:14     | Found a broken altar of Ashenzari.
 52152 | D:14     | Reached skill level 15 in Evocations
 52230 | D:15     | Entered Level 15 of the Dungeon
 52257 | D:15     | Reached skill level 18 in Shields
 52321 | D:15     | Found a gateway to a bazaar.
 52341 | Bazaar   | Entered a bazaar
 52341 | Bazaar   | Found Fourynkov's General Store.
 52342 | Bazaar   | Found Femaki's Assorted Antiques.
 52366 | Bazaar   | Found Ulotz's Antique Armour Boutique.
 52373 | Bazaar   | Found Oluasoeq's Book Shoppe.
 52615 | D:15     | Found an iron altar of Okawaru.
 52838 | D:15     | Found Sued's Magic Scroll Emporium.
 53041 | D:15     | Noticed Rupert
 53050 | D:15     | Killed Rupert
 53101 | D:15     | Found a staircase to the Depths.
 53354 | D:15     | Found Xetam's Armour Shoppe.
 53685 | Vaults:1 | Entered Level 1 of the Vaults
 53753 | Vaults:1 | Reached skill level 19 in Shields
 54733 | Vaults:1 | Reached skill level 20 in Shields
 55506 | Vaults:1 | Received a gift from Trog
 55658 | Vaults:1 | Identified the +1 robe "Tush" {rC- rN+++ rCorr Str-5}
 55781 | Vaults:1 | Acquired 755 gold pieces
 55785 | Vaults:1 | Acquired 539 gold pieces
 56890 | Vaults:2 | Reached skill level 21 in Shields
 57221 | Vaults:2 | Reached XP level 19. HP: 146/172 MP: 18/18
 57515 | Vaults:2 | Found a staircase to the Crypt.
 57515 | Vaults:2 | Found an ancient bone altar of Kikubaaqudgha.
 57516 | Vaults:2 | Found a basalt altar of Yredelemnul.
 58113 | Vaults:2 | Reached skill level 22 in Shields
 59090 | Vaults:3 | Identified the +7 broad axe "Uguag" {vorpal, rC+ Str+3
                  | Dex+3 Stlth+} (Trog gifted it to you on level 3 of the
                  | Vaults)
 59090 | Vaults:3 | Received a gift from Trog
 59608 | Vaults:3 | Found a transporter.
 59609 | Vaults:3 | Found a shimmering blue altar of Sif Muna.
 59810 | Vaults:3 | Found Woazetuo's Antique Weapon Boutique.
 59886 | Vaults:3 | Cast into level 2 of the Abyss (a wizard)
 60068 | Abyss:2  | Found a blossoming altar of Fedhas.
 60261 | Abyss:2  | Found a sacrificial altar of Ru.
 60601 | Abyss:2  | Found a corrupted altar of Lugonu.
 60632 | Vaults:3 | Escaped the Abyss
 60638 | Vaults:3 | Reached skill level 23 in Shields
 61334 | Vaults:3 | You are sucked into a shaft and drop 1 floor!
 61370 | Vaults:4 | HP: 64/258 [orc warlord/+1 vorpal great mace (26)]
 61376 | Vaults:4 | Reached skill level 24 in Shields
 61379 | Vaults:4 | HP: 50/258 [orc high priest/divine providence (9)]
 61390 | Vaults:4 | Received a gift from Trog
 61403 | Vaults:4 | HP: 39/172 [orc priest/divine providence (7)]
 61811 | Vaults:4 | Noticed Xtahua
 62620 | Vaults:3 | Noticed a Brimstone Fiend
 62908 | Vaults:3 | Found a transporter.
 63248 | Vaults:3 | Reached skill level 25 in Shields
 63384 | Vaults:4 | Reached XP level 20. HP: 149/180 MP: 19/19
 63480 | Vaults:4 | Found Ihin's Antique Armour Shop.
 63769 | D:11     | Bought the +18 shield of the Gong {rElec rN+ Will+ EV-5}
                  | for 2821 gold pieces
 63769 | D:11     | Found the +18 shield of the Gong {rElec rN+ Will+ EV-5}
 63967 | Vaults:4 | Received a gift from Trog
 63970 | Vaults:4 | Killed Xtahua
 64392 | Vaults:4 | Reached skill level 11 in Dodging
 64563 | Vaults:4 | Noticed a dread lich
 64589 | Vaults:4 | Paralysed by something for 5 turns
 65002 | Vaults:4 | Killed a dread lich
 65005 | Vaults:4 | Received a gift from Trog
 65010 | Vaults:4 | Reached skill level 17 in Fighting
 65574 | Elf:1    | Reached skill level 19 in Axes
 65697 | Elf:1    | Reached skill level 12 in Dodging
 66566 | Elf:2    | Paralysed by an air elemental for 1 turns
 66585 | Elf:2    | Noticed Louise
 66610 | Elf:2    | Killed Louise
 66774 | Elf:2    | Found a runed translucent gate.
 66775 | Elf:2    | Found a runed translucent gate.
 66775 | Elf:2    | Found a runed translucent gate.
 66930 | Elf:2    | Paralysed by an air elemental for 1 turns
 67116 | Elf:2    | Received a gift from Trog
 67147 | Elf:2    | HP: 46/187 [deep elf zephyrmancer/bolt of lightning (11)]
 67152 | Elf:2    | HP: 38/187 [poisoned by a +4 battleaxe of venom]
 67157 | Elf:2    | HP: 44/187 [poisoned by a +4 battleaxe of venom]
 67269 | Elf:2    | Reached skill level 18 in Fighting
 67361 | Elf:2    | Reached XP level 21. HP: 178/194 MP: 20/20
 67401 | Elf:2    | Reached skill level 13 in Dodging
 67694 | Elf:3    | Entered Level 3 of the Elven Halls
 68061 | Elf:3    | Reached skill level 20 in Axes
 68271 | Elf:3    | Received a gift from Trog
 68721 | Elf:3    | Reached skill level 14 in Dodging
 68726 | Elf:3    | Reached skill level 19 in Fighting
 69022 | Elf:3    | Identified the +8 scimitar of Nemelex Xobeh's Hope {flame,
                  | *Rage rF+ Dex+5}
 69298 | Elf:3    | Received a gift from Trog
 69305 | Elf:3    | Identified the ring "Wyser" {Wiz rPois Dex-2 Slay+3 SInv}
 69581 | Elf:3    | Identified the +8 plate armour of the Snail {Str+4}
 70041 | Depths:1 | Entered Level 1 of the Depths
 70101 | Depths:1 | Reached skill level 15 in Dodging
 70190 | D:15     | Reached skill level 20 in Fighting
 70280 | Depths:1 | Received a gift from Trog
 70284 | Depths:1 | Noticed Nikola
 70303 | Depths:1 | Killed Nikola
 70309 | Depths:1 | Reached skill level 16 in Dodging
 70418 | Depths:1 | Found a stormy altar of Qazlal.
 70436 | Depths:1 | Found a hide-covered altar of Uskayaw.
 70496 | Depths:1 | Found Denih's Magic Scroll Emporium.
 70498 | Depths:1 | Found Beca's Armour Shoppe.
 70500 | Depths:1 | Found Olaopout's Distillery.
 70504 | Depths:1 | Bought a scroll of blinking for 165 gold pieces
 70554 | Depths:1 | Found a one-way gateway to a ziggurat.
 70555 | Depths:1 | Acquired a +0 hat
 70810 | Depths:1 | Found a gateway to Hell.
 71158 | Depths:2 | Reached XP level 22. HP: 196/209 MP: 21/21
 71269 | Depths:2 | Reached skill level 17 in Dodging
 71302 | Depths:2 | Noticed a caustic shrike
 71311 | Depths:2 | Killed a caustic shrike
 71379 | Depths:2 | Found a one-way gate leading to the halls of Pandemonium.
 71546 | Depths:2 | Found Katesh's Book Shop.
 71546 | Depths:2 | Found Didij's Jewellery Shoppe.
 71547 | Depths:2 | Found Viesobig's Book Shop.
 71756 | Depths:2 | Noticed a caustic shrike
 71757 | Depths:2 | Noticed a golden dragon
 71850 | Depths:2 | Killed a golden dragon
 71888 | Depths:2 | Identified the ring "Axkyjata" {Wiz rPois rC+}
 71892 | Depths:2 | Received a gift from Trog
 71903 | Depths:2 | Killed a caustic shrike
 71904 | Depths:2 | Reached skill level 18 in Dodging
 72448 | Depths:3 | Paralysed by a vampire knight for 4 turns
 72452 | Depths:3 | HP: 73/306 [vampire knight/+1 vorpal great sword (7)]
 72463 | Depths:3 | HP: 72/313 [rakshasa/lance of force (7)]
 72467 | Depths:3 | Reached skill level 19 in Dodging
 72479 | Depths:3 | HP: 37/209 [ettin/+0 dire flail (24)]
 72485 | Depths:3 | HP: 37/209 [ettin/+0 dire flail (10)]
 72486 | Depths:3 | HP: 7/209 [ettin/+0 dire flail (16)]
 72900 | Depths:3 | Found a one-way gate to the infinite horrors of the Abyss.
 73008 | Depths:3 | Found a white marble altar of Elyvilon.
 73391 | Depths:3 | Noticed a golden dragon
 73401 | Depths:3 | Killed a golden dragon
 73468 | Depths:4 | Entered Level 4 of the Depths
 73490 | Depths:3 | HP: 67/313 [Ice Fiend[a Zot trap] (28)]
 73640 | Depths:4 | HP: 43/209 [fire giant/fireball (17)]
 73787 | Depths:4 | Reached skill level 20 in Dodging
 73824 | Depths:4 | Identified the +7 war axe "Rogit" {vorpal, Str+4} (Trog
                  | gifted it to you on level 4 of the Depths)
 73824 | Depths:4 | Received a gift from Trog
 73952 | Depths:4 | Found a bloodstained altar of Trog.
 74406 | Depths:4 | Reached skill level 16 in Evocations
 74903 | Depths:4 | Reached XP level 23. HP: 215/215 MP: 22/22
 75209 | Depths:4 | Reached skill level 17 in Evocations
 75256 | Depths:4 | Found a gate to the Realm of Zot.
 75853 | Vaults:5 | Entered Level 5 of the Vaults
 75906 | Vaults:5 | Received a gift from Trog
 75924 | Vaults:5 | HP: 75/322 [golden dragon/bolt of cold (19)]
 75927 | Vaults:4 | HP: 34/322 [mana viper (glowing shapeshifter) (15)]
 75927 | Vaults:4 | HP: 12/322 [golden dragon (22)]
 75927 | Vaults:4 | HP: 5/322 [golden dragon (7)]
 75933 | Vaults:4 | Reached skill level 18 in Evocations
 76117 | Vaults:5 | Noticed an ancient lich
 76388 | Vaults:5 | Noticed a dread lich
 76397 | Vaults:5 | Killed an ancient lich
 76401 | Vaults:4 | Reached skill level 19 in Evocations
 76485 | Vaults:4 | Killed a dread lich
 76632 | Vaults:4 | Received a gift from Trog
 76862 | Vaults:5 | Reached skill level 20 in Evocations
 77035 | Vaults:5 | Identified the +6 morningstar "Zucerah" {vorpal, Int+2}
 77387 | Vaults:5 | Found the ring of the Mage {Wiz Archmagi}
 77422 | Vaults:5 | Got a silver rune of Zot
 78673 | Zot:1    | Entered Level 1 of the Realm of Zot
 78694 | Depths:4 | Reached XP level 24. HP: 215/215 MP: 22/22
 78828 | Zot:1    | Received a gift from Trog
 79625 | Zot:1    | Reached skill level 21 in Fighting
 79625 | Zot:1    | Reached skill level 21 in Axes
 79663 | Zot:1    | Noticed an orb of fire
 79664 | Zot:1    | Found a transporter.
 79665 | Zot:1    | Noticed NateTC's ghost (veteran DDFi)
 79809 | Zot:1    | Found a transporter.
 81569 | Zot:2    | Reached skill level 22 in Axes
 81571 | Zot:2    | Reached skill level 22 in Fighting
 82049 | Zot:3    | Noticed a Killer Klown
 82427 | Zot:3    | Killed a Killer Klown
 82570 | Zot:3    | Received a gift from Trog
 83714 | Zot:4    | Identified the ring "Cemap" {Ice Int+5 Slay-6}
 83714 | Zot:4    | Noticed Josephina
 83725 | Zot:3    | Killed Josephina
 83969 | Zot:3    | Reached skill level 23 in Axes
 84155 | Zot:4    | Noticed a Killer Klown
 84166 | Zot:3    | Reached skill level 23 in Fighting
 84219 | Zot:4    | Noticed a Killer Klown
 84231 | Zot:3    | Killed a Killer Klown
 84232 | Zot:3    | Reached XP level 25. HP: 137/243 MP: 22/22
 84779 | Zot:4    | Killed a Killer Klown
 85462 | Zot:5    | Entered Level 5 of the Realm of Zot
 85562 | Zot:5    | Noticed an ancient lich
 85562 | Zot:5    | Noticed a dread lich
 85563 | Zot:5    | Found a runed translucent gate.
 85588 | Zot:5    | Noticed Buusaloph's ghost (veteran TrCK)
 85589 | Zot:5    | Noticed freelancePsychic's ghost (master DjCj)
 85590 | Zot:5    | Found a runed translucent gate.
 85590 | Zot:5    | Found an ancient bone altar of Kikubaaqudgha.
 85590 | Zot:5    | Noticed Starbright's ghost (veteran TrMo)
 85591 | Zot:5    | Found a runed translucent gate.
 85738 | Zot:5    | Noticed a Killer Klown
 85776 | Zot:5    | Killed a Killer Klown
 86097 | Zot:5    | Noticed an orb of fire
 86104 | Zot:5    | Killed an orb of fire
 86169 | Zot:5    | Received a gift from Trog
 86199 | Zot:5    | Reached skill level 24 in Fighting
 86199 | Zot:5    | Reached skill level 24 in Axes
 86250 | Zot:5    | Gained mutation: You do not regenerate when monsters are
                  | visible. [mutagenic glow]
 86264 | Zot:5    | Gained mutation: Your spells are a little easier to cast,
                  | but a little less powerful. [mutagenic glow]
 86274 | Zot:5    | Gained mutation: You are strong-willed. (Will+) [mutagenic
                  | glow]
 86295 | Zot:5    | Gained mutation: You are very weak. (Str -4) [mutagenic
                  | glow]
 86343 | Zot:5    | Noticed an orb of fire
 86363 | Zot:5    | Gained mutation: You are frail. (-10% HP) [an orb of fire]
 86371 | Zot:5    | Killed an orb of fire
 86491 | Zot:5    | Noticed an orb of fire
 86492 | Zot:5    | Noticed a Killer Klown
 86497 | Zot:5    | Noticed an orb of fire
 86501 | Zot:5    | Gained mutation: You frequently scream uncontrollably at
                  | your foes. [an orb of fire]
 86501 | Zot:5    | Noticed an ancient lich
 86502 | Zot:5    | Noticed an orb of fire
 86506 | Zot:5    | HP: 42/220 [orb of fire/fireball (57)]
 86508 | Zot:5    | Gained mutation: You are very clumsy. (Dex -4) [an orb of
                  | fire]
 86508 | Zot:5    | Killed from afar by an orb of fire

Illustrated notes

Levels and vault maps discovered:
D:1:      psy_arrival_spokes, layout_basic, nrook_uturn
D:2:      minmay_diamond_boxcup, layout_rooms, basic_altar,
          serial_co_window_serial, co_window_of_opportunity_a,
          co_window_corner_a, co_window_paths_a, co_window_cross_1,
          co_window_paths_a, co_window_unsneaky_path_b, co_window_2corner,
          co_window_of_opportunity_b, co_window_sun, co_window_paths_e,
          glass_columns_b, glass_columns_a, glass_columns_a, glass_columns_b,
          patterned_corridor
D:3:      layout_loops_ring, tso_metal_star, serial_shops, shop,
          grunt_ministairs_6
D:4:      layout_basic, kennysheep_ying_yang, serial_curves, eino_curves_04,
          eino_curves_01, grunt_decor_one_mirror, minmay_manual_mares,
          uniq_duvessa, uniq_pikel
D:5:      layout_cave_pools, mainiacjoe_overflow_boulevard,
          mainiacjoe_overflow_small_starburst, kennysheep_big_empty_room,
          uniq_eustachio
D:6:      layout_loops_corners, makhleb_blood_cavern_becter, uniq_maggie
D:7:      layout_layer_cave, minmay_temple_entry_wispy
D:8:      layout_basic, lemuel_blue_sif_altar, uniq_erica
D:9:      layout_basic, xom_redecorated, lair_entry_dummy, uniq_erolcha
D:10:     layout_layer_cave, mainiacjoe_overflow_brackets,
          mainiacjoe_overflow_cross_hatched, overflow_temple_1_default,
          chequers_temple_overflow_statue_of_worship, zombieorc2_lemuel
D:11:     layout_irregular_city, serial_shops, shop, nicolae_shop_firing_range,
          uniq_snorg
D:12:     layout_rooms, st_stairs_7, uniq_azrael
D:13:     layout_gridville, erik_vaults_1, nicolae_figureground_pulse
D:14:     layout_cave_pools, hangedman_decor_points,
          nicolae_ashenzari_panopticon
D:15:     grunt_enter_depths_magical_seal, layout_long_grid, minivault_23,
          serial_shops, bzr_entry_water, nicolae_shop_trees, shop_statue,
          okawaru_metal_pillars_1_2, uniq_rupert
Lair:1:   layout_cave_pods
Lair:2:   layout_chaotic_city, minmay_snake_entry_guardpost_medium
Lair:3:   layout_long_grid, skrybe_swamp_entry_bodies, portal_ice_cave_rime
Lair:4:   layout_regular_city, gammafunk_ghost_berserking_beasts,
          nicolae_lair_grove_arrangements, serial_bayou_crossing,
          grunt_megastairs_3
Lair:5:   layout_long_grid, minmay_slime_entry_jelly_boxes
Lair:6:   gammafunk_lair_ancient_temple, layout_cave_pods
Swamp:1:  layout_basic_swamp, evilmike_swamp_ruin_house_2,
          infiniplex_staircase_pool
Swamp:2:  layout_falls_marsh, evilmike_swamp_ruin_house_1, uniq_roxanne
Swamp:3:  layout_falls_marsh, serial_swamp_ruin, evilmike_swamp_ruin_house_3,
          evilmike_swamp_ruin_rubble_1, evilmike_swamp_ruin_rubble_2,
          nicolae_swamp_bloodsuckers_inc, uniq_aizul, uniq_donald
Swamp:4:  swamp_old_school, layout_basic_swamp
Snake:1:  layout_chambers, serial_shops, shop, basic_altar,
          nicolae_snake_snakes_in_the_grass, grunt_megastairs_1,
          lemuel_fruit_tree
Snake:2:  layout_cave_town, ebering_ghost_reflecting_pool, minmay_shoptagon,
          uniq_agnes
Snake:3:  layout_misc_corridors, library_closet
Snake:4:  grunt_snake_rune_serpentine_throne, layout_concentric_octagons,
          drop_trap
Orc:1:    layout_caves, basic_altar, mines2_lemuel
Orc:2:    kennysheep_orc_mage_school, layout_caves, serial_shops, shop,
          uniq_sonja, uniq_urug
Elf:1:    layout_rooms, minivault_28
Elf:2:    nicolae_elf_blades_crystal_corner, layout_onion_city, uniq_louise
Elf:3:    minmay_elf_hall_four_x, layout_geoelf_grid, grunt_ministairs_12,
          st_stairs_13
Vaults:1: v_misc_27, nicolae_vaults_ninety_degrees, hangedman_vaults_pinch,
          ontoclasm_vaults_shuriken, v_pattern_1, hangedman_vaults_cutoff,
          v_alt_pattern_4, st_diamondy, hangedman_vaults_corner,
          nicolae_vaults_little_squares_3, ontoclasm_vaults_ligature,
          layout_vaults_maze_bifur
Vaults:2: v_rooms_5, v_misc_19, vaults_room_semicircle, vaults_mumra_bighexcomb,
          layout_vaults_omnigrid, minmay_crypt_entry_necro_gods
Vaults:3: grunt_vaults_bifocal, v_misc_17, gammafunk_sealed_library, v_rooms_1,
          nicolae_vaults_little_ls, vaults_room_corners,
          nicolae_vaults_border_crossing, nicolae_vaults_sealed_display,
          nicolae_vaults_shelves_hall, v_rooms_2, vaults_room_semicircle,
          vaults_room_semicircle, vaults_dpeg_ring, layout_vaults_omnicross,
          serial_shops, shop
Vaults:4: infiniplex_enter_wizlab_water, ontoclasm_vaults_eye,
          vaults_room_grunt_arrival_ludios, v_alt_pattern_4, special_room_vaults
          [special_room_orc], ontoclasm_vaults_pinch, v_rooms_3,
          vaults_room_pool, vaults_room_semicircle, v_alt_pattern_2,
          nicolae_vaults_alarming, v_misc_15, layout_vaults_big_room,
          serial_shops, shop, uniq_xtahua
Vaults:5
Depths:1: layout_long_grid, enter_ziggurat_b, nicolae_qazlal_general_emergency,
          hellmouth_1, minmay_fountain_box,
          nicolae_uskayaw_murder_on_the_dancefloor, minmay_shop_star,
          uniq_nikola
Depths:2: minmay_broken_ring, layout_basic, grunt_pan_entry_spiral,
          pf_vacation_house_of_asmodeus, minmay_staircase_statues_hall_small,
          minmay_shop_grove
Depths:3: nzn_winding_woodlands_cross [nzn_winding_woodlands_5x15_jagged,
          nzn_winding_woodlands_5x15_concentric,
          nzn_winding_woodlands_5x15_river_crossing,
          nzn_winding_woodlands_5x15_sidewinder,
          nzn_winding_woodlands_15x15_killbox], layout_twisted_cross,
          hell_entry, abyss_entry, elyvilon_altar_4,
          infiniplex_staircase_pool_lava
Depths:4: grunt_zot_entry_alcove, layout_cave_shapes, marbit_kobold_abyss_entry,
          hellmouth_3, roderic_lattice_a, tgw_trog
Zot:1:    layout_cathedral_of_symmetry, gammafunk_ghost_arena,
          grunt_ministairs_3, bh_zot_levy_curve, skrybe_zot_glass_1,
          grunt_megastairs_4
Zot:2:    layout_misc_corridors
Zot:3:    layout_gridlike
Zot:4:    layout_onion, uniq_josephina
Zot:5:    layout_twisted_circle, gammafunk_ghost_crypt

Skill      XL: |  1  2  3  4  5  6  7  8  9 10 11 12 13 14 15 16 17 18 19 20 21 22 23 24 25 |
---------------+----------------------------------------------------------------------------+-----
Axes           | 4 6 7 8 12 16 18 19 20 23 24 | 24.1
Fighting       | 4 6 10 11 14 16 18 20 23 24 | 24.1
Armour         | 3 7 12 15 16 18 20 | 20.0
Evocations     | 3 5 7 10 12 14 15 16 20 | 20.0
Shields        | 3 12 15 16 17 21 25 | 25.0
Dodging        | 10 12 16 20 | 20.0

Action                   |  1- 3 |  4- 6 |  7- 9 | 10-12 | 13-15 | 16-18 | 19-21 | 22-24 | 25-27 || total
-------------------------+-------+-------+-------+-------+-------+-------+-------+-------+-------++-------
Melee: Hand axe          |   113 |    88 |   110 |       |     7 |       |       |       |       ||   318
       Headbutt          |    15 |    11 |    36 |   132 |   248 |   348 |   486 |   503 |    68 ||  1847
       Punch             |     1 |       |     2 |     1 |       |       |       |       |       ||     4
       War axe           |       |       |   137 |   493 |   323 |       |       |       |       ||   953
       Trident           |       |       |       |    18 |     7 |       |       |       |       ||    25
       Broad axe         |       |       |       |       |   786 |  1415 |  1780 |  1622 |   228 ||  5831
Throw: Javelin           |       |       |     4 |     4 |       |       |     1 |       |       ||     9
Invok: Berserk           |       |     1 |     4 |    11 |    11 |    11 |    12 |    21 |     2 ||    73
       Trog's Hand       |       |       |     1 |     3 |       |     6 |    19 |    11 |       ||    40
       Brothers in Arms  |       |       |     1 |       |       |     1 |     3 |     1 |     4 ||    10
Evoke: Wand              |       |       |     2 |     2 |       |     2 |     1 |     1 |       ||     8
       Condenser vane    |       |       |       |       |     1 |       |       |       |       ||     1
       Phantom mirror    |       |       |       |       |       |       |       |     1 |       ||     1
  Use: Scroll            |       |     7 |    17 |     6 |    11 |     8 |     4 |     2 |       ||    55
       Potion            |       |       |       |     1 |       |     1 |     1 |     3 |     1 ||     7
 Stab: Distracted        |       |       |       |       |       |     2 |       |       |       ||     2
       Confused          |       |       |       |       |       |     1 |       |       |       ||     1
Armor: Animal skin       |    12 |       |       |       |       |       |       |       |       ||    12
       Leather armour    |    12 |     1 |       |       |       |       |       |       |       ||    13
       Ring mail         |       |    26 |    33 |       |       |       |       |       |       ||    59
       Chain mail        |       |       |    46 |   153 |       |       |       |       |       ||   199
       Scale mail        |       |       |     1 |       |       |       |       |       |       ||     1
       Plate armour      |       |       |       |    63 |   539 |   920 |   539 |   729 |    95 ||  2885
Dodge: Dodged            |    66 |    52 |    87 |   135 |   215 |   403 |   236 |   272 |    33 ||  1499
Block: Kite shield       |       |       |       |   172 |   662 |       |  1103 |  2024 |   262 ||  4223
       Tower shield      |       |       |       |       |    47 |  1395 |   838 |       |       ||  2280

Table legend: (Time is in decaauts)
 A = Elapsed time spent in this place.
 B = Non-inter-level travel time spent in this place.
 C = Inter-level travel time spent in this place.
 D = Time resting spent in this place.
 E = Time spent auto-exploring this place.
 F = Levels seen in this place.
 G = Mean time per level.
                   A        B        C        D        E       F      G
               +--------+--------+--------+--------+--------+-----+--------+
         Total |  85856 |  80066 |   5790 |  21845 |  36487 |  51 | 1683.5 |
       Dungeon |  20664 |  19047 |   1617 |   3625 |  12416 |  15 | 1377.6 |
          Lair |  13297 |  12656 |    641 |   5055 |   5105 |   6 | 2216.2 |
         Swamp |   6043 |   5677 |    366 |   1700 |   2773 |   4 | 1510.8 |
     Snake Pit |   9392 |   9108 |    284 |   3123 |   3240 |   4 | 2348.0 |
  Orcish Mines |   3361 |   2939 |    422 |   1002 |   1144 |   2 | 1680.5 |
   Elven Halls |   4175 |   3795 |    380 |    339 |   1748 |   3 | 1391.7 |
        Vaults |  12796 |  11560 |   1236 |   2346 |   5530 |   5 | 2559.2 |
        Depths |   6071 |   5621 |    450 |   1299 |   2489 |   4 | 1517.8 |
           Zot |   7067 |   6676 |    391 |   1558 |   1999 |   5 | 1413.4 |
         Abyss |    716 |    716 |      0 |    112 |      0 |   1 |  716.0 |
        Bazaar |     55 |     55 |      0 |      0 |     42 |   1 |   55.0 |
      Ice Cave |   2213 |   2213 |      0 |   1683 |      0 |   1 | 2213.0 |
               +--------+--------+--------+--------+--------+-----+--------+

Top non-repeatable levels by time:
Vaults:3: 3755 daAuts
  Lair:2: 3359 daAuts
Vaults:4: 2954 daAuts
 Snake:4: 2771 daAuts
  Lair:4: 2737 daAuts
   Zot:3: 2436 daAuts
Depths:4: 2412 daAuts
 Snake:2: 2409 daAuts
Vaults:1: 2361 daAuts
  Lair:1: 2349 daAuts
     D:9: 2295 daAuts
Vaults:2: 2261 daAuts
   Orc:2: 2218 daAuts
   IceCv: 2213 daAuts
 Snake:3: 2176 daAuts

Table legend:
 A = Kills in this place as a percentage of kills in entire the game.
 B = Kills by you in this place as a percentage of kills by you in the entire game.
 C = Kills by friends in this place as a percentage of kills by friends in the entire game.
 D = Other kills in this place as a percentage of other kills in the entire game.
 E = Experience gained in this place as a percentage of experience gained in the entire game.
 F = Experience gained in this place divided by the number of levels of this place that you have seen.
                   A       B       C       D       E      F
               +-------+-------+-------+-------+-------+----------------------
         Total | 100.0 | 100.0 | 100.0 | 100.0 | 100.0 | 23771.6
       Dungeon |  18.0 |  18.3 |   0.0 |   0.0 |   5.4 | 4398.6
          Lair |   9.2 |   9.3 |   0.0 |   0.0 |   4.6 | 9328.8
         Swamp |   6.0 |   5.9 |   0.0 |  30.0 |   5.6 | 16823.5
     Snake Pit |  10.2 |  10.4 |   0.0 |   0.0 |   9.9 | 29953.8
  Orcish Mines |   6.3 |   6.4 |   0.0 |  10.0 |   1.6 | 9593.5
   Elven Halls |   8.2 |   8.1 |   0.0 |  50.0 |  10.7 | 43332.7
        Vaults |  19.5 |  19.1 |  82.4 |   0.0 |  26.6 | 64538.4
        Depths |  10.9 |  11.0 |   5.9 |   0.0 |  17.2 | 52041.0
           Zot |   8.7 |   8.8 |   0.0 |  10.0 |  17.9 | 43362.4
         Abyss |   1.6 |   1.7 |   0.0 |   0.0 |   0.0 |   0.0
      Ice Cave |   1.3 |   1.2 |  11.8 |   0.0 |   0.5 | 6439.0
               +-------+-------+-------+-------+-------+----------------------
